 Seeded DCSS version 0.29.1-13-g9f3cf754e1 (webtiles) character file.

Game seed: 16245865983455551772 (custom seed)

4 OTABOTABOTAB the Sneak (level 1, 10/14 HPs)
             Began as an Octopode Brigand on Jan 24, 2023.
             Quit the game on level 1 of the Dungeon.
             The game lasted 00:01:01 (67 turns).

OTABOTABOTAB the Sneak (Octopode Brigand)             Turns: 67, Time: 00:01:01

Health: 10/14      AC:  1    Str: 10    XL:     1   Next: 60%
Magic:  1/1        EV: 12    Int: 13    God:
Gold:   1593       SH:  0    Dex: 13    Spells: 0/0 levels left

rFire   . . .      SeeInvis .   a - +2 dagger
rCold   . . .      Faith    .   (no shield)
rNeg    . . .      Spirit   .   (helmet restricted)
rPois   .          Reflect  .   (no amulet)
rElec   .          Harm     .   (no ring)
rCorr   .          Rampage  .   (no ring)
Will    .....                   (no ring)
Stlth   ++++......              (no ring)
HPRegen 0.04/turn               (no ring)
MPRegen 0.07/turn               (no ring)
                                (no ring)
                                (no ring)

@: no status effects
A: almost no armour, amphibious, 8 rings, camouflage 1, gelatinous body 1,
(nimble swimmer 1), tentacles
a: no special abilities


You were on level 1 of the Dungeon.
You visited 1 branch of the dungeon, and saw 1 of its levels.

You collected 1593 gold pieces.

Inventory:

Hand Weapons
 a - a +2 dagger (weapon)
 e - a +4 quick blade
   (You acquired it on level 1 of the Dungeon)
Missiles
 b - 9 poisoned darts
 c - 3 curare-tipped darts
 s - 4 stones (quivered)


   Skills:
 + Level 2.0 Fighting
 * Level 2.1 Short Blades
 - Level 2.0 Throwing
 + Level 1.1 Dodging
 + Level 5.3 Stealth


You couldn't memorise any spells.
You didn't know any spells.
Your spell library was empty.

Dungeon Overview and Level Annotations

Branches:
Dungeon (1/15)

Altars:


Innate Abilities, Weirdness & Mutations

You cannot wear most types of armour.
You are amphibious.
You can wear up to eight rings at the same time.
Your skin changes colour to match your surroundings (Stealth+).
Your rubbery body absorbs attacks. (AC +1, EV +1)
((You are camouflaged when in or above water. (Stealth+)))
You have tentacles for arms and can constrict up to eight enemies at once.


Message History

Bad channel name for runrest: 'Jiyva says: Divide and consume' Welcome, OTABOTABOTAB the Octopode Brigand.
Game seed: 16245865983455551772 (custom seed)
Found a sling.
Found a staircase leading out of the dungeon.
Found an escape hatch in the floor.
Found an escape hatch in the floor.
A goblin comes into view. It is wielding a +0 dagger.
A quokka comes into view.
The helpless goblin fails to defend itself.
You impale the goblin!!
You kill the goblin!
The helpless quokka fails to defend itself.
You impale the quokka!!
You kill the quokka!
s - 6 stones (quivered)
You see here a +0 dagger.
An endoplasm comes into view.
You see here 3 scrolls labelled WAC GOIFOFITOUPLEC.
d - 3 scrolls labelled WAC GOIFOFITOUPLEC You throw a stone.
The stone hits the endoplasm.
The endoplasm quivers.
You throw a stone.
The stone hits the endoplasm but does no damage.
You hit the endoplasm. The endoplasm freezes you.
You are frozen.
You take 3 damage, and have 11/14 hp.
MASSIVE DAMAGE!!
You hit the endoplasm. The endoplasm freezes you.
You are frozen.
You take 1 damage, and have 10/14 hp.
You hit the endoplasm.
You kill the endoplasm!
No target in view!
Unknown command.
This is a scroll of acquirement!
Something appears before you!
You now have 652 gold pieces.
Something appears before you!
e - a +4 quick blade Something appears before you!
You now have 1593 gold pieces (gained 941).
Okay, then.
Bad channel name for runrest: 'Jiyva says: Divide and consume' Welcome back, OTABOTABOTAB the Octopode Brigand.
Game seed: 16245865983455551772 (custom seed)

## #. #.# #
#.######..##
##.##.#.@.......
........#..#....
##.##...#..# .
#...###.#
#...#.#..
#..##.##.#
#..#)..#.. ...
##.##...##.## ...
#..#.....#..#....


There were no monsters in sight!

Vanquished Creatures
  An endoplasm (D:1)
  A goblin (D:1)
  A quokka (D:1)
3 creatures vanquished.

Notes
Turn   | Place    | Note
-------+----------+-------------------------------------------
     0 | D:1      | OTABOTABOTAB the Octopode Brigand began the quest for the
                  | Orb.
     0 | D:1      | Reached XP level 1. HP: 14/14 MP: 1/1
    61 | D:1      | Identified 3 scrolls of acquirement
    61 | D:1      | Acquired 652 gold pieces
    63 | D:1      | Acquired a +4 quick blade
    65 | D:1      | Acquired 941 gold pieces
    67 | D:1      | Quit the game

Illustrated notes

Levels and vault maps discovered:
D:1:      minmay_arrival_hallway, layout_loops_corners, basic_ecumenical_altar,
          minmay_unequal

Action                   || total
-------------------------++-------
Melee: Dagger            ||     5
Throw: Stone             ||     2
  Use: Scroll            ||     3
 Stab: Sleeping          ||     2

Table legend: (Time is in decaauts)
 A = Elapsed time spent in this place.
 B = Non-inter-level travel time spent in this place.
 C = Inter-level travel time spent in this place.
 D = Time resting spent in this place.
 E = Time spent auto-exploring this place.
 F = Levels seen in this place.
 G = Mean time per level.
                   A        B        C        D        E       F      G
               +--------+--------+--------+--------+--------+-----+--------+
         Total |     66 |     66 |      0 |      0 |     43 |   1 |   66.0 |
       Dungeon |     66 |     66 |      0 |      0 |     43 |   1 |   66.0 |
               +--------+--------+--------+--------+--------+-----+--------+

Top non-repeatable levels by time:
     D:1: 66 daAuts

Table legend:
 A = Kills in this place as a percentage of kills in entire the game.
 B = Kills by you in this place as a percentage of kills by you in the entire game.
 C = Kills by friends in this place as a percentage of kills by friends in the entire game.
 D = Other kills in this place as a percentage of other kills in the entire game.
 E = Experience gained in this place as a percentage of experience gained in the entire game.
 F = Experience gained in this place divided by the number of levels of this place that you have seen.
                   A       B       C       D       E      F
               +-------+-------+-------+-------+-------+----------------------
         Total | 100.0 | 100.0 |   N/A |   N/A | 100.0 |   6.0
       Dungeon | 100.0 | 100.0 |   N/A |   N/A | 100.0 |   6.0
               +-------+-------+-------+-------+-------+----------------------
